 Dungeon Crawl Stone Soup version 0.29-a0-352-g0917bc69df (webtiles) character file.

Game seed: 7205603731064987873

1866 Sagarana the Chopper (level 8, 0/62 HPs)
             Began as a Palentonga Chaos Knight on Apr 23, 2022.
             Was a Plaything of Xom.
             Succumbed to a killer bee's poison
             ... on level 7 of the Dungeon.
             The game lasted 00:53:42 (7275 turns).

Sagarana the Chopper (Palentonga Chaos Knight)      Turns: 7275, Time: 00:53:42

Health: 0/62       AC:  9    Str: 18      XL:     8   Next: 90%
Magic:  11/11      EV: 10    Int: 11 (12) God:    Xom [*.....]
Gold:   413        SH:  0    Dex: 11 (12) Spells: 8/12 levels left

rFire   + . .      SeeInvis +   a - +5 hand axe of the Blushing Moth {pain, rF+ Will+++ Str+4}
rCold   . . .      Faith    .   (no shield)
rNeg    . . .      Spirit   .   y - +2 leather armour
rPois   +          Reflect  .   M - +0 helmet
rElec   .          Harm     .   (no cloak)
rCorr   .          Rampage  .   K - +0 pair of gloves
Will    +++..                   (no barding)
Stlth   +.........              J - amulet of the acrobat
HPRegen 0.20/turn               G - ring of poison resistance
MPRegen 0.12/turn               (no ring)

@: lethally poisoned (0 -> -9), unable to read
A: large, rugged brown scales 3, see invisible, deformed body, roll 1, armoured
tail, reflexive curl, deterioration 1, frail 1, mutation resistance 1, weak 1,
inability to read while threatened
a: Rolling Charge, Renounce Religion


You were on level 7 of the Dungeon.
You worshipped Xom.
You were a special plaything of Xom.
You visited 1 branch of the dungeon, and saw 7 of its levels.

You collected 499 gold pieces.
You spent 86 gold pieces at shops.

Inventory:

Hand Weapons
 a - the +5 hand axe of the Blushing Moth (weapon) {pain, rF+ Will+++ Str+4}
   (You found it on level 2 of the Dungeon)

   In the hands of one skilled in necromantic magic, it inflicts extra damage on
   living creatures.
   Str:       It affects your strength (+4).
   rF:        It protects you from fire.
   Will:      It greatly increases your willpower.
 b - a +0 hand axe of chaos
 c - a +1 hand axe of freezing
Missiles
 q - 3 javelins
 w - 6 silver javelins
Armour
 r - a +0 chain mail
 y - a +2 leather armour (worn)
 K - a +0 pair of gloves (worn)
 M - a +0 helmet (worn)
Jewellery
 u - a ring of magical power
 v - a ring of fire
 G - a ring of poison resistance (left hand)
 J - an amulet of the acrobat (around neck)
Wands
 z - a wand of polymorph (6)
 A - a wand of paralysis (8)
 I - a wand of acid (11)
Scrolls
 e - a scroll of torment
 f - 2 scrolls of immolation
 i - 2 scrolls of brand weapon
 k - a scroll of fog {unknown}
 l - 2 scrolls of vulnerability {unknown}
 m - a scroll of teleportation
 n - a scroll of enchant weapon {unknown}
 o - 6 scrolls of enchant armour
 x - a scroll of magic mapping {unknown}
 B - 2 scrolls of identify
 C - a scroll of silence {unknown}
 F - a scroll of amnesia {unknown}
 L - a scroll of noise {unknown}
Potions
 d - 6 potions of curing
 g - 3 potions of lignification {unknown}
 h - a potion of flight
 j - a potion of mutation {unknown}
 s - 3 potions of heal wounds {unknown}
 t - 2 potions of haste {unknown}
 D - a potion of magic {unknown}
 E - a potion of might {unknown}
 H - a potion of attraction {unknown}
Miscellaneous
 p - a piece from Xom's chessboard (4/15) (quivered)


   Skills:
 - Level 6.0 Fighting
 - Level 6.0 Axes
 - Level 5.0 Armour
 - Level 4.0 Dodging
 + Level 2.6 Spellcasting
 + Level 3.3 Necromancy


You had 8 spell levels left.
You knew the following spells:

 Your Spells              Type           Power      Damage    Failure   Level
a - Animate Dead          Necr           4%         N/A       63%         4

Your spell library contained the following spells:

 Spells                   Type           Power      Damage    Failure   Level
 Haunt                    Necr/Summ      2%         N/A       100%        7
 Infestation              Necr           4%         N/A       100%        8


Dungeon Overview and Level Annotations

Branches:
Dungeon (7/15)             Temple (0/1) D:6

Altars:
Dithmenos
Gozag
Kikubaaqudgha
Makhleb
Yredelemnul
Zin
The Shining One

Shops:
D:5 *(*   D:7 [

Portals:
Ossuary: D:7

Annotations:
D:4 1 runed translucent door
D:5 3 runed translucent doors, Hubjo's ghost, novice DEFE
D:7 Joseph


Innate Abilities, Weirdness & Mutations

You are completely covered in rugged brown scales. (AC +3, +7% HP)
You have supernaturally acute eyesight. (SInv)
Armour fits poorly on your strangely shaped body.
You can roll at nearby foes to attack.
You have a long armoured tail.
You curl defensively after being hit. (AC +7*)
Your body sometimes deteriorates upon taking damage.
You are frail. (-10% HP)
You are somewhat resistant to further mutation.
You are weak. (Str -2)
You sometimes lose the ability to read scrolls when taking damage.


Message History

Unknown command.
You slash the killer bee!
You kill the killer bee!
You can read scrolls again.
The killer bee completely misses you. x2
You see here a killer bee corpse.
The killer bee attacks as you move away!
The killer bee completely misses you. The killer bee closely misses you.
You hit the killer bee.
The killer bee writhes in agony.
The killer bee is heavily wounded.
The killer bee stings you but does no damage.
The killer bee stings you.
* * * LOW HITPOINT WARNING * * *
You slash the killer bee!
You kill the killer bee!
The killer bee stings you.
You feel threatened and lose the ability to read scrolls!
* * * LOW HITPOINT WARNING * * *
You closely miss the killer bee.
You can read scrolls again.
The killer bee stings you.
* * * LOW HITPOINT WARNING * * *
The killer bee stings you but does no damage.
You closely miss the killer bee.
You hear the hiss of an avalanche of sand very nearby.
The killer bee closely misses you.
The killer bee stings you but does no damage.
You barely miss the killer bee.
Your tail-slap misses the killer bee.
The killer bee stings you.
* * * LOW HITPOINT WARNING * * *
The killer bee closely misses you.
You barely miss the killer bee. The killer bee closely misses you.
The killer bee stings you.
You feel threatened and lose the ability to read scrolls!
* * * LOW HITPOINT WARNING * * *
You are lethally poisoned!
The killer bee poisons you!
You miss the killer bee.
You die...
Xom giggles madly!

.......
...#.##
###......#
#......∩..
#.........
#..>.#...#
#.........
#####......##
#..@y.....##
#.#######.# #
### ... ###
..## ._. .
#.# #.# +#


You could see a killer bee.

Vanquished Creatures
  Sigmund (D:2)
  The ghost of FacelessVoid the Poker, an amateur MiFi (D:5)
  A black bear (D:6)
  A phantom (D:5)
  A centaur (D:6)
  A wyvern zombie (D:3)
  A scorpion (D:7)
  4 killer bees (D:7)
  3 jellies
  A hound (D:6)
  Terence (D:3)
  Jessica (D:3)
  Natasha (thrice) (D:4)
  3 iguanas (D:6)
  2 orc wizards
  Robin (D:2)
  14 adders
  8 gnolls
  3 river rats (D:5)
  A white imp (D:5)
  2 worms
  3 dart slugs
  10 orcs
  4 ball pythons
  9 endoplasms
  6 giant cockroaches
  17 goblins
  8 hobgoblins
  4 jackals
  6 quokkas
  8 bats
  6 frilled lizards
  7 kobolds
  14 rats
156 creatures vanquished.

Vanquished Creatures (collateral kills)
  The ghost of durneh the Firebug, an amateur DsFE (D:3)
  A wyvern zombie (D:3)
  2 water moccasin skeletons (D:3)
  A bullfrog skeleton (D:3)
5 creatures vanquished.

Grand Total: 161 creatures vanquished

Notes
Turn   | Place    | Note
-------+----------+-------------------------------------------
     0 | D:1      | Sagarana the Palentonga Chaos Knight began the quest for
                  | the Orb.
     0 | D:1      | Reached XP level 1. HP: 19/19 MP: 1/1
    69 | D:1      | Reached skill level 1 in Dodging
    69 | D:1      | Reached XP level 2. HP: 13/25 MP: 2/2
   334 | D:1      | Found a faded altar of an unknown god.
   421 | D:1      | XOM: silly message
   509 | D:1      | Reached XP level 3. HP: 30/31 MP: 3/3
  1072 | D:2      | XOM: confuse monster(s)
  1076 | D:2      | Noticed Robin
  1096 | D:2      | Killed Robin
  1097 | D:2      | Reached XP level 4. HP: 11/37 MP: 4/4
  1349 | D:2      | XOM: confuse monster(s)
  1413 | D:2      | Identified the +5 hand axe of the Blushing Moth {pain, rF+
                  | Will+++ Str+4}
  1456 | D:2      | Noticed Sigmund
  1456 | D:2      | XOM: fake destruction
  1464 | D:2      | Killed Sigmund
  1465 | D:2      | Reached XP level 5. HP: 26/44 MP: 5/5
  1478 | D:2      | Reached XP level 6. HP: 24/51 MP: 6/6
  1859 | D:2      | XOM: torment (27/51 hp)
  2165 | D:2      | XOM: give mutations
  2165 | D:2      | Gained mutation: You are frail. (-10% HP) [Xom's mischief]
  2165 | D:2      | Gained mutation: Your body sometimes deteriorates upon
                  | taking damage. [Xom's mischief]
  2165 | D:2      | Gained mutation: You are clumsy. (Dex -2) [Xom's mischief]
  2421 | D:3      | Found a runed translucent gate.
  2421 | D:3      | Found a runed translucent gate.
  2421 | D:3      | Found a runed translucent gate.
  2443 | D:3      | Noticed Terence
  2478 | D:3      | Killed Terence
  2716 | D:3      | Noticed Jessica
  2720 | D:3      | Killed Jessica
  3032 | D:3      | XOM: summons 4 hostile shadow creatures
  3087 | D:3      | XOM: give mutations
  3087 | D:3      | Gained mutation: You sometimes lose the ability to read
                  | scrolls when taking damage. [Xom's mischief]
  3087 | D:3      | Lost mutation: You are clumsy. (Dex -2) [Xom's mischief]
  3087 | D:3      | Gained mutation: You are weak. (Str -2) [Xom's mischief]
  3230 | D:3      | Noticed durneh's ghost (amateur DsFE)
  3237 | D:3      | XOM: cast spell 'Summon Hydra'
  3244 | D:3      | Gained mutation: You curl defensively after being hit. (AC
                  | +7*) [Palentonga growth]
  3244 | D:3      | Reached XP level 7. HP: 19/53 MP: 7/7
  3245 | D:3      | Killed durneh's ghost
  3726 | D:4      | Noticed Natasha
  3734 | D:4      | Killed Natasha
  3735 | D:4      | Reached skill level 5 in Axes
  3777 | D:4      | Found a runed translucent door.
  3785 | D:4      | Noticed FacelessVoid's ghost (amateur MiFi)
  3815 | D:4      | Found a runed translucent door.
  4056 | D:4      | XOM: summons 1 hostile demon
  4144 | D:4      | XOM: enchant monster (bad)
  4153 | D:4      | Noticed Natasha
  4153 | D:4      | XOM: enchant monster (bad)
  4165 | D:4      | XOM: summons 4 hostile shadow creatures
  4170 | D:4      | XOM: scenery: summon butterflies
  4196 | D:3      | XOM: give mutation
  4196 | D:3      | Gained mutation: You are somewhat resistant to further
                  | mutation. [Xom's grace]
  4239 | D:3      | XOM: silly message
  4271 | D:5      | Entered Level 5 of the Dungeon
  4291 | D:5      | XOM: polymorph adder -> dart slug
  4301 | D:5      | Reached skill level 5 in Fighting
  4481 | D:5      | Found Kisix's Assorted Antiques.
  4490 | D:5      | Bought 2 fuming silvery potions for 50 gold pieces
  4563 | D:5      | Found a runed translucent gate.
  4563 | D:5      | Found a runed translucent gate.
  4563 | D:5      | Found a runed translucent gate.
  4564 | D:5      | XOM: cleaving
  4576 | D:5      | XOM: confusion
  4621 | D:5      | XOM: god gift: book of Death
  4628 | D:5      | Learned a level 4 spell: Animate Dead
  4665 | D:5      | XOM: potion effect (heal wounds)
  4667 | D:5      | XOM: fake destruction
  4678 | D:5      | Killed FacelessVoid's ghost
  4679 | D:5      | Reached XP level 8. HP: 5/60 MP: 8/8
  4932 | D:5      | XOM: divination: detect items
  4959 | D:4      | Killed Natasha
  4960 | D:4      | Reached skill level 1 in Necromancy
  4971 | D:3      | XOM: god gift: 6 silver javelins
  5088 | D:4      | Noticed Natasha
  5092 | D:4      | Killed Natasha
  5124 | D:5      | XOM: silly message
  5200 | D:5      | Found Mugidgh's Assorted Antiques.
  5208 | D:5      | Bought a lumpy amethyst potion for 18 gold pieces
  5208 | D:5      | Bought a cyan potion for 18 gold pieces
  5383 | D:5      | XOM: god gift: 36 gold pieces
  5394 | D:5      | Found an opulent altar of Gozag.
  5406 | D:5      | Noticed Hubjo's ghost (novice DEFE)
  5471 | D:5      | Reached skill level 5 in Armour
  5599 | D:5      | Found Bereutuq's Antique Weapon Boutique.
  6065 | D:6      | Found a staircase to the Ecumenical Temple.
  6159 | D:6      | Reached skill level 1 in Spellcasting
  6333 | D:6      | XOM is BORED!
  6347 | D:6      | XOM: 2-stop teleportation journey
  6500 | D:6      | XOM: 4-stop teleportation journey
  6516 | D:6      | Found a glowing golden altar of the Shining One.
  6540 | D:6      | Found an ancient bone altar of Kikubaaqudgha.
  6721 | D:6      | XOM: god gift: 21 gold pieces
  6749 | D:6      | Found a burning altar of Makhleb.
  6751 | D:6      | Noticed an Executioner
  6753 | D:6      | Found a glowing silver altar of Zin.
  6754 | D:6      | Noticed an angel
  7028 | D:6      | Found a basalt altar of Yredelemnul.
  7236 | D:7      | Noticed Joseph
  7242 | D:7      | Found Nexu's Armour Emporium.
  7242 | D:7      | Found a sand-covered staircase.
  7242 | D:7      | Found a shadowy altar of Dithmenos.
  7242 | D:7      | XOM: 2-stop teleportation journey
  7274 | D:7      | HP: 3/62 [killer bee (5)]
  7275 | D:7      | Succumbed to a killer bee's poison

Illustrated notes

Levels and vault maps discovered:
D:1:      enne_arrival_octagon_isle, layout_basic,
          shapermc_ecumenical_altar_mp_highgroup
D:2:      layout_basic, grunt_ministairs_1, minivault_11, minmay_pentomino_x4,
          uniq_robin, uniq_sigmund
D:3:      layout_basic, gammafunk_ghost_necromancy,
          hangedman_abyss_or_decor_lesser_grid, due_unseen_surprise,
          uniq_terence, uniq_jessica
D:4:      layout_rooms, ebering_ghost_sewer_f, uniq_natasha
D:5:      layout_gridville, lightli_sewer_entry_pipes, serial_shops,
          nicolae_shop_overgrown_old_shop, shop, shop, ebering_ghost_gozag,
          hellmonk_bongcloud_opening, minivault_4
D:6:      minmay_general_purpose_star, layout_loops_ring,
          grunt_temple_overflow_order_and_chaos_2, marbit_many_paths,
          mainiacjoe_overflow_large_starburst, minmay_temple_entry_slanted
D:7:      layout_basic, lemuel_doored_altar, serial_shops, shop,
          nicolae_ossuary_entry_ruins, uniq_joseph, uniq_maggie,
          uniq_crazy_yiuf_cottage

Skill      XL: |  1  2  3  4  5  6  7  8 |
---------------+-------------------------+-----
Dodging        | 1 2 3 4 |  4.0
Armour         | 2 3 4 5 |  5.0
Fighting       | 4 5 6 |  6.0
Axes           | 4 5 6 |  6.0
Necromancy     | 3 |  3.3
Spellcasting   | 2 |  2.6

Action                   |  1- 3 |  4- 6 |  7- 9 || total
-------------------------+-------+-------+-------++-------
Melee: Hand axe          |   116 |   125 |   206 ||   447
       Tailslap          |    12 |     8 |    34 ||    54
       Punch             |       |       |     3 ||     3
 Abil: Rolling Charge    |    15 |    31 |    27 ||    73
Evoke: Piece from Xom's  |       |     8 |    13 ||    21
  Use: Scroll            |       |     4 |     3 ||     7
       Potion            |       |     2 |     3 ||     5
 Stab: Confused          |       |     1 |       ||     1
       Invisible         |       |       |     3 ||     3
       Paralysed         |       |       |     1 ||     1
Armor: Leather armour    |    65 |    29 |    46 ||   140
       Chain mail        |       |    27 |    61 ||    88
Dodge: Dodged            |    46 |    46 |   104 ||   196

Table legend: (Time is in decaauts)
 A = Elapsed time spent in this place.
 B = Non-inter-level travel time spent in this place.
 C = Inter-level travel time spent in this place.
 D = Time resting spent in this place.
 E = Time spent auto-exploring this place.
 F = Levels seen in this place.
 G = Mean time per level.
                   A        B        C        D        E       F      G
               +--------+--------+--------+--------+--------+-----+--------+
         Total |   7355 |   7012 |    343 |    570 |   5173 |   7 | 1050.7 |
       Dungeon |   7355 |   7012 |    343 |    570 |   5173 |   7 | 1050.7 |
               +--------+--------+--------+--------+--------+-----+--------+

Top non-repeatable levels by time:
     D:2: 1384 daAuts
     D:6: 1342 daAuts
     D:3: 1338 daAuts
     D:5: 1333 daAuts
     D:1: 1050 daAuts
     D:4: 701 daAuts
     D:7: 205 daAuts
